 Dungeon Crawl Stone Soup version 0.22-a0-538-g76cc104 (webtiles) character file.

11 Amnesiac the Sneak (level 2, 0/16 HPs)
             Began as a Spriggan Wanderer on June 23, 2018.
             Slain by a goblin (4 damage)
             ... on level 1 of the Dungeon.
             The game lasted 00:01:33 (177 turns).

Amnesiac the Sneak (Spriggan Wanderer)               Turns: 177, Time: 00:01:34

Health: 0/16       AC:  2    Str: 10    XL:     2   Next: 17%
Magic:  3/3        EV: 15    Int: 11    God:
Gold:   10         SH:  0    Dex: 15    Spells: 1/1 levels left

rFire    . . .     SeeInvis +   a - +0 mace
rCold    . . .     Gourm    .   (shield restricted)
rNeg     . . .     Faith    .   e - +0 robe
rPois    .         Spirit   .   (helmet restricted)
rElec    .         Reflect  .   (no cloak)
rCorr    .         Harm     .   (gloves unavailable)
MR       .....                  (boots unavailable)
Stlth    ++........             (no amulet)
HPRegen  0.05/turn              (no ring)
MPRegen  0.08/turn              (no ring)

@: very quick
A: very small, unfitting armour, see invisible, herbivore, speed 3, slow
metabolism 2
a: no special abilities


You were on level 1 of the Dungeon.
You were not hungry.

You visited 1 branch of the dungeon, and saw 2 of its levels.

You collected 10 gold pieces.

Inventory:

Hand Weapons
 a - a +0 mace (weapon)
 b - a +2 blowgun
Missiles
 c - 2 curare-tipped needles
 g - 28 sling bullets
Armour
 e - a +0 robe (worn)
Scrolls
 i - a scroll of identify {!r, unknown}
Potions
 d - a potion of curing {!q, unknown}
 h - 2 potions of heal wounds {!q, unknown}
Comestibles
 f - 2 rations


   Skills:
 - Level 2.4 Fighting
 - Level 1.3 Maces & Flails
 - Level 2.0 Throwing
 + Level 3.2 Stealth
   Level 1.2 Hexes
   Level 1.7 Earth Magic


You had one spell level left.
You didn't know any spells.
Your spell library contained the following spells:

 Spells                   Type           Power        Failure   Level  Hunger
 Stone Arrow              Conj/Erth      #.....       58%         3    ####...
 Sandblast                Erth           #.....       17%         1    ##.....


Dungeon Overview and Level Annotations

Branches:
Dungeon (2/15)

Altars:


Innate Abilities, Weirdness & Mutations

You are very small and have problems with some larger weapons.
You are too small for most types of armour.
You have supernaturally acute eyesight. (SInv)
You are a herbivore.
You cover ground extremely quickly.
You need to consume almost no food.


Message History

The orc wizard flickers and vanishes for a moment.
You hit the frilled lizard.
You kill the frilled lizard!
b - a +2 blowgun (weapon)
The adder barely misses you.
Firing (i - inventory)
c - 3 curare-tipped needles (quivered)
Press: ? - help, Shift-Dir - straight line, f - adder
Aim: an adder You shoot a curare-tipped needle.
The curare-tipped needle closely misses the adder.
The adder misses you.
Firing (i - inventory)
c - 2 curare-tipped needles (quivered)
Press: ? - help, Shift-Dir - straight line, f/p - adder
Aim: an adder You shoot a curare-tipped needle.
The curare-tipped needle hits the adder.
The adder is poisoned.
The adder convulses.
The adder seems to slow down.
The adder is severely wounded.
The adder barely misses you.
Wield which item (- for none, * to show all)? (? for menu, Esc to quit)
a - a +0 mace (weapon)
The hobgoblin misses you.
You closely miss the adder.
The adder is severely wounded.
The adder barely misses you.
The hobgoblin hits you but does no damage.
The adder bites you.
* * * LOW HITPOINT WARNING * * *
You thump the adder!
You kill the adder!
Your Stealth skill gained 3 levels and is now at level 3!
You have reached level 2!
The hobgoblin misses you. The hobgoblin barely misses you.
Things that are here:
a curare-tipped needle; a frilled lizard corpse
c - 2 curare-tipped needles (gained 1)
The hobgoblin barely misses you.
A kobold comes into view. It is wielding a club.
The kobold moves out of view.
You see here a stone.
The kobold shouts!
You hear a shout!
The kobold misses you.
A goblin comes into view.
The goblin shouts!
The kobold misses you.
There is a stone staircase leading up here.
You climb upwards.
A rat and a goblin come into view.
Found a robe.
There is a stone staircase leading down here.
You swing at nothing.
You hit the rat.
You kill the rat!
You hit the goblin but do no damage. The goblin hits you.
* * * LOW HITPOINT WARNING * * *
The goblin misses you.
You hit the goblin but do no damage. The goblin misses you.
You barely miss the goblin. The goblin hits you.
* * * LOW HITPOINT WARNING * * *
You hit the goblin.
The goblin is heavily wounded.
The goblin hits you.
You die...

...######
#......#
#@#
#.#####g#
....g..>#
.....#..#
#### #.[#
#... #...
.....
#....


You could see a goblin.

Vanquished Creatures
  An adder (D:2)
  A frilled lizard (D:2)
  2 rats
4 creatures vanquished.

Notes
Turn   | Place    | Note
-------+----------+-------------------------------------------
     0 | D:1      | Amnesiac the Spriggan Wanderer began the quest for the Orb.
     0 | D:1      | Amnesiac set off with: 3 curare-tipped needles, a +2 blowgun, a +0 mace, a +0 robe, a ration
     0 | D:1      | Reached XP level 1. HP: 11/11 MP: 2/2
   127 | D:2      | Noticed an orc priest
   131 | D:2      | Noticed an orc wizard
   151 | D:2      | Reached skill level 3 in Stealth
   151 | D:2      | Reached XP level 2. HP: 5/16 MP: 3/3
   177 | D:1      | Slain by a goblin

Vault maps used:
D:1:      minmay_arrival_solitary_statue, fountainhead,
          hangedman_decor_opposing, minmay_cut_off
D:2:      nicolae_overflow_hidden_temple

Skill      XL: |  1 |
---------------+----+-----
Stealth        | 3 |  3.2
Fighting       | |  2.4
Maces & Flails | |  1.3
Throwing       | |  2.0
Hexes          | |  1.2
Earth Magic    | |  1.7

Action                   || total
-------------------------++-------
Melee: Mace              ||     9
 Fire: Blowgun           ||     2
Armor: Robe              ||     2
Dodge: Dodged            ||    19

Table legend:
 A = Spawn XP
 B = Non-spawn XP
 C = Spawn XP percentage of total XP
 D = Spawn monster count
 E = Non-spawn monster count
 F = Spawn count percentage of total count
 G = Total turns spent on level
                    A         B        C        D         E        F      G
               +---------+---------+-------+---------+---------+-------+---------
         Total |       0 |      17 |   0.0 |       0 |       4 |   0.0 |   177
               +---------+---------+-------+---------+---------+-------+---------
           D:1 |       0 |       1 |   0.0 |       0 |       1 |   0.0 |    53
           D:2 |       0 |      16 |   0.0 |       0 |       3 |   0.0 |   124
               +---------+---------+-------+---------+---------+-------+---------
